 Dungeon Crawl Stone Soup version 0.30-a0-726-gd89dcf765f (webtiles) character file.

Game seed: 228697279953138599

64 hikkokomori the Slasher (level 3, -8/31 HPs)
             Began as a Minotaur Gladiator on Jan 30, 2023.
             Killed from afar by an orc wizard (12 damage)
             ... with a puff of flame
             ... on level 3 of the Dungeon.
             The game lasted 00:02:21 (1666 turns).

hikkokomori the Slasher (Minotaur Gladiator)        Turns: 1666, Time: 00:02:22

Health: -8/31      AC:  6    Str: 22    XL:     3   Next: 91%
Magic:  2/2        EV: 12    Int:  4    God:
Gold:   158        SH:  0    Dex: 12    Spells: 2/2 levels left

rFire   . . .      SeeInvis .    a - +0 long sword
rCold   . . .      Faith    .    (no shield)
rNeg    + . .      Spirit   .    b - +0 leather armour
rPois   .          Reflect  .    c - +0 hat
rElec   +          Harm     .    (no cloak)
rCorr   .          Rampage  .    f - +0 pair of gloves
Will    .....                    (no boots)
Stlth   +                        (no amulet)
HPRegen 0.25/turn                o - ring of positive energy
MPRegen 0.08/turn                (no ring)

@: confused, unable to drink
A: horns 2, retaliatory headbutt, iridescent scales 1, electricity resistance,
strong 1, inability to drink after injury 1
a: no special abilities


You were on level 3 of the Dungeon.
You visited 1 branch of the dungeon, and saw 3 of its levels.

You collected 158 gold pieces.

Inventory:

Hand Weapons
 a - a +0 long sword (weapon)
Missiles
 d - 3 throwing nets (quivered)
 e - a javelin
Armour
 b - a +0 leather armour (worn)
 c - a +0 hat (worn)
 f - a +0 pair of gloves (worn)
Jewellery
 o - a ring of positive energy (left hand)
Wands
 j - a wand of quicksilver (9)
Scrolls
 g - a scroll of acquirement {unknown}
 i - 2 scrolls of poison {unknown}
 k - a scroll of fog {unknown}
 l - 2 scrolls of identify {unknown}
 m - a scroll of enchant armour {unknown}
 n - a scroll of amnesia {unknown}
Potions
 h - a potion of mutation


   Skills:
 + Level 3.5 Fighting
 + Level 4.5 Long Blades
 - Level 2.0 Throwing
 - Level 3.2 Dodging
 + Level 1.6 Stealth


You had 2 spell levels left.
You didn't know any spells.
Your spell library contained the following spells:

 Spells                   Type           Power      Damage    Failure   Level
 Blink                    Tloc           0%         N/A       69%         2
 Lesser Beckoning         Tloc           0%         N/A       69%         2
 Momentum Strike          Conj/Tloc      0%         3d8       69%         2


Dungeon Overview and Level Annotations

Branches:
Dungeon (3/15)

Altars:

Shops:
D:2 :


Innate Abilities, Weirdness & Mutations

You have a pair of horns on your head.
You reflexively headbutt those who attack you in melee.
You are partially covered in iridescent scales. (AC +2)
You are resistant to electric shocks. (rElec)
Your muscles are strong. (Str +4, Int/Dex -1)
You occasionally lose the ability to drink potions when taking damage.


Message History

You are too injured to fight recklessly!
You are too injured to fight recklessly!
You are too injured to fight recklessly!
You are too injured to fight recklessly!
You are too injured to fight recklessly!
You are too injured to fight recklessly!
You are too injured to fight recklessly!
You are too injured to fight recklessly!
You are too injured to fight recklessly!
You are too injured to fight recklessly!
Unknown command.
The orc wizard attacks as you move away!
The orc wizard hits you with a +0 dagger.
* * * LOW HITPOINT WARNING * * *
Something hits you but does no damage.
A puff of flame appears from out of thin air!
The puff of flame hits something!
Something hits you.
* * * LOW HITPOINT WARNING * * *
You hit something.
You hear some strange, mumbled words.
You are confused.
It was a potion of mutation.
You feel extremely strange.
You feel insulated.
You feel stronger.
You occasionally lose the ability to drink potions when taking damage.
Iridescent scales grow over part of your body.
Something hits you.
* * * LOW HITPOINT WARNING * * *
You are too confused!
Unknown command.
Okay, then.
Unknown command.
Unknown command.
Unknown command.
You closely miss something. Your headbutt misses something.
You hear some strange, mumbled words.
A puff of flame appears from out of thin air!
The puff of flame hits you!
You feel threatened and lose the ability to drink potions!
You die...

........# #..#.#...
#.......# #..#S.<
#.#########..#.##.#
#.# #.....ooo.# #.#
#.#..#.#### #.#
#.#.o###.# #.#
#.#....o.# #.#
#.##.###{# #.#
#.##.# #@#
#.#######.##.# #.#
#............# #.#
#########.#### #.#
#.# #.# #.# #.# #..
..# #.# #.# ###


You could see an orc wizard.

Vanquished Creatures
  An adder (D:3)
  2 worms (D:2)
  6 bats
  4 endoplasms (D:1)
  4 giant cockroaches (D:2)
  4 goblins
  4 hobgoblins
  2 quokkas
  4 ball pythons
  6 frilled lizards (D:1)
  4 kobolds
  7 rats
48 creatures vanquished.

Vanquished Creatures (others)
  6 plants (D:2)
6 creatures vanquished.

Grand Total: 54 creatures vanquished

Notes
Turn   | Place    | Note
-------+----------+-------------------------------------------
     0 | D:1      | hikkokomori the Minotaur Gladiator began the quest for the
                  | Orb.
     0 | D:1      | Reached XP level 1. HP: 18/18 MP: 0/0
   202 | D:1      | Reached XP level 2. HP: 23/25 MP: 1/1
   277 | D:1      | Reached skill level 4 in Long Blades
   310 | D:1      | Reached skill level 1 in Stealth
   890 | D:2      | Reached XP level 3. HP: 15/31 MP: 2/2
  1027 | D:2      | Found Catt's Book Shop.
  1665 | D:3      | Gained mutation: You are resistant to electric shocks.
                  | (rElec) [potion of mutation]
  1665 | D:3      | Gained mutation: Your muscles are strong. (Str +4, Int/Dex
                  | -1) [potion of mutation]
  1665 | D:3      | Gained mutation: You occasionally lose the ability to drink
                  | potions when taking damage. [potion of mutation]
  1665 | D:3      | Gained mutation: You are partially covered in iridescent
                  | scales. (AC +2) [potion of mutation]
  1666 | D:3      | Killed from afar by an orc wizard

Illustrated notes

Levels and vault maps discovered:
D:1:      dpeg_arrival_arbitrary_a, layout_loops_ring, serial_rivers,
          chequers_serial_rivers_room_b, chequers_serial_rivers_small_3,
          chequers_serial_rivers_micro_e, chequers_serial_rivers_micro_e,
          hangedman_decor_points, minmay_tromino_v2
D:2:      layout_loops_ring, serial_bayou, serial_bayou_crossing,
          serial_bayou_pond_a, serial_bayou_lake_a, serial_bayou_pond_a,
          serial_shops, shop
D:3:      layout_basic, mainiacjoe_overflow_six_doors_small,
          nicolae_yredelemnul_corpse_copse, marbit_many_paths

Skill      XL: |  1  2 |
---------------+-------+-----
Long Blades    | 4 |  4.5
Stealth        | 1 |  1.6
Fighting       | 3 |  3.5
Throwing       | |  2.0
Dodging        | |  3.2

Action                     || total
---------------------------++-------
  Melee: Long sword        ||    83
         Headbutt          ||    12
  Throw: Throwing net      ||     1
    Use: Potion            ||     1
   Stab: Sleeping          ||     5
 Armour: Leather armour    ||    18
  Dodge: Dodged            ||    40

Table legend: (Time is in decaauts)
 A = Elapsed time spent in this place.
 B = Non-inter-level travel time spent in this place.
 C = Inter-level travel time spent in this place.
 D = Time resting spent in this place.
 E = Time spent auto-exploring this place.
 F = Levels seen in this place.
 G = Mean time per level.
                   A        B        C        D        E       F      G
               +--------+--------+--------+--------+--------+-----+--------+
         Total |   1732 |   1689 |     43 |      0 |   1417 |   3 |  577.3 |
       Dungeon |   1732 |   1689 |     43 |      0 |   1417 |   3 |  577.3 |
               +--------+--------+--------+--------+--------+-----+--------+

Top non-repeatable levels by time:
     D:1: 860 daAuts
     D:2: 749 daAuts
     D:3: 122 daAuts
